 Dungeon Crawl Stone Soup version 0.31-a0-150-g89dc3ad700 (webtiles) character file.

Game seed: 14412420089933754141

595 IdlyInterested the Trooper (level 7, -1/56 HPs)
             Began as a Demonspawn Gladiator on June 8, 2023.
             Succumbed to a killer bee's poison
             ... on level 4 of the Dungeon.
             The game lasted 00:07:25 (2869 turns).

IdlyInterested the Trooper (Demonspawn Gladiator)   Turns: 2869, Time: 00:07:26

Health: -1/56      AC: 13    Str: 13 (16) XL:     7   Next: 17%
Magic:  7/7        EV:  7    Int:  8 (9)  God:
Gold:   284        SH:  0    Dex: 12 (15) Spells: 6/6 levels left

rFire   . . .        a - +0 war axe
rCold   . . .        (no shield)
rNeg    . . .        r - +0 chain mail
rPois   .            c - +0 helmet
rElec   .            (no cloak)
rCorr   .            (no gloves)
SInv    .            h - +0 pair of boots
Will    .....        (no amulet) Stlth
                     i - +4 ring of slaying
HPRegen 0.29/turn    (no ring)
MPRegen 0.10/turn

%: no passive effects
@: brilliant, lethally poisoned (-1 -> -10)
A: claws 1, yellow scales 1
a: no special abilities


You were on level 4 of the Dungeon.
You visited 1 branch of the dungeon, and saw 4 of its levels.

You collected 284 gold pieces.

Inventory:

Hand Weapons
 a - a +0 war axe (weapon)
 l - a +0 trident
Missiles
 b - 31 stones (quivered)
 d - 2 throwing nets
 e - a javelin
Armour
 c - a +0 helmet (worn)
 h - a +0 pair of boots (worn)
 r - a +0 chain mail (worn)
Jewellery
 i - a +4 ring of slaying (left claw)
Wands
 n - a wand of flame (31)
 o - a wand of mindburst (10)
Scrolls
 j - a scroll of identify {unknown}
 k - a scroll of enchant weapon {unknown}
 p - a scroll of teleportation


   Skills:
 * Level 5.2 Fighting
 * Level 4.7 Axes
 - Level 1.7 Throwing
 + Level 2.4 Armour
 - Level 2.6 Dodging
 - Level 1.0 Stealth
 - Level 1.0 Shields
 - Level 1.0 Unarmed Combat
 - Level 1.0 Evocations


You had 6 spell levels left.
You didn't know any spells.
Your spell library contained the following spells:

 Spells                   Type           Power      Damage    Failure   Level
 Slow                     Hex            0%         N/A       100%        1
 Sting                    Tmut/Pois      0%         1d3       100%        1
 Poisonous Vapours        Pois/Air       0%         N/A       100%        2
 Confusing Touch          Hex            0%         N/A       100%        3
 Vampiric Draining        Necr           0%         2d6       100%        3
 Olgreb's Toxic Radiance  Pois           0%         N/A       100%        4


Dungeon Overview and Level Annotations

Branches:
Dungeon (4/15)
 Temple: D:4-7

Altars:
Cheibriados
Uskayaw
Vehumet

Annotations:
D:4 3 runed translucent doors, jlumianski's ghost, novice DjFE


Innate Abilities, Weirdness & Mutations

You have sharp fingernails.
You are partially covered in yellow scales. (AC +2)


Message History

The killer bee barely misses you.
The killer bee stings you but does no damage.
The killer bee stings you. The killer bee completely misses you.
The killer bee attacks as you move away!
The killer bee barely misses you.
The killer bee stings you but does no damage.
You miss the killer bee. The killer bee stings you.
The killer bee barely misses you. The killer bee stings you.
You are poisoned.
The killer bee poisons you!
You hit the killer bee.
The killer bee is lightly wounded.
You feel sick. The killer bee stings you!
* * * LOW HITPOINT WARNING * * *
The killer bee closely misses you.
You miss the killer bee.
The killer bee is lightly wounded.
You feel sick. The killer bee stings you.
* * * LOW HITPOINT WARNING * * *
The killer bee closely misses you. x2
It was a potion of degeneration.
There was something very wrong with that liquid.
You feel weakened.
You feel dopey.
You feel clumsy.
You feel sick. The killer bee barely misses you. The killer bee stings you.
* * * LOW HITPOINT WARNING * * *
It was a potion of cancellation.
You feel magically purged.
You feel sick.
The killer bee stings you but does no damage.
The killer bee barely misses you.
You hit the killer bee.
The killer bee is heavily wounded.
You feel sick.
You are no longer poisoned.
The killer bee stings you.
* * * LOW HITPOINT WARNING * * *
You are lethally poisoned!
The killer bee poisons you!
The killer bee stings you but does no damage. x2
It was a potion of brilliance.
You feel clever all of a sudden.
You die...

####.##### ...
#........# ...
#.##.###.#####.##
# #........# #.
#####.##.....
#.######.# #.#
#........#
###.###### #@#
#y## #yy#
####.####
#..††...#
#.......#
###.)†..†.##.#
#...))_.††...#
#.#....[..##.#


You could see 3 killer bees.

Vanquished Creatures
  A wyvern (D:3)
  A black bear (D:4)
  A phantom (D:4)
  A killer bee (D:4)
  2 orc priests
  An iron imp (D:3)
  An orc wizard (D:4)
  An adder (D:2)
  A gnoll (D:1)
  2 shadow imps (D:3)
  A worm (D:2)
  6 dart slugs
  5 orcs
  11 endoplasms
  4 giant cockroaches
  8 goblins
  9 hobgoblins
  A quokka (D:2)
  4 ball pythons
  2 bats (D:1)
  5 kobolds (D:1)
  2 rats (D:1)
70 creatures vanquished.

Notes
Turn   | Place    | Note
-------+----------+-------------------------------------------
     0 | D:1      | IdlyInterested the Demonspawn Gladiator began the quest for
                  | the Orb.
     0 | D:1      | Reached XP level 1. HP: 16/16 MP: 1/1
    75 | D:1      | Reached skill level 1 in Armour
    75 | D:1      | Gained mutation: You have sharp fingernails. [demonic
                  | ancestry]
    75 | D:1      | Reached XP level 2. HP: 23/23 MP: 2/2
   418 | D:1      | Reached XP level 3. HP: 28/28 MP: 3/3
   917 | D:2      | Reached skill level 1 in Unarmed Combat
   930 | D:2      | Reached skill level 3 in Fighting
  1322 | D:2      | Reached XP level 4. HP: 29/35 MP: 4/4
  1570 | D:3      | Reached skill level 1 in Shields
  1654 | D:3      | Found a transporter.
  1700 | D:3      | Found a radiant altar of Vehumet.
  1861 | D:3      | Found a transporter.
  1925 | D:3      | Found a snail-covered altar of Cheibriados.
  1933 | D:3      | Reached skill level 1 in Stealth
  2323 | D:3      | Reached XP level 5. HP: 24/42 MP: 5/5
  2326 | D:3      | Reached skill level 1 in Evocations
  2438 | D:4      | Noticed a wyvern
  2438 | D:4      | Noticed a black bear
  2448 | D:3      | Killed a wyvern
  2449 | D:3      | Reached skill level 4 in Fighting
  2449 | D:3      | Gained mutation: You are partially covered in yellow
                  | scales. (AC +2) [demonic ancestry]
  2449 | D:3      | Reached XP level 6. HP: 13/49 MP: 6/6
  2645 | D:4      | Found a runed translucent gate.
  2656 | D:4      | Found a runed translucent gate.
  2657 | D:4      | Found a runed translucent gate.
  2692 | D:4      | Noticed jlumianski's ghost (novice DjFE)
  2693 | D:4      | Identified the +1 chain mail "Ropoaxehi" {rF+ rCorr Dex+2}
  2693 | D:4      | Noticed an orc warrior
  2777 | D:4      | Found a hide-covered altar of Uskayaw.
  2791 | D:4      | Reached skill level 5 in Fighting
  2793 | D:4      | Reached XP level 7. HP: 30/56 MP: 7/7
  2868 | D:4      | HP: 1/56 [killer bee (6)]
  2869 | D:4      | Succumbed to a killer bee's poison

Illustrated notes

Levels and vault maps discovered:
D:1:      dpeg_arrival_pits, layout_loops_ring
D:2:      layout_basic
D:3:      gammafunk_wand_slinger, layout_basic, vehumet_altar_wand_db,
          slow_altar_2
D:4:      layout_loops_corners, nicolae_ru_path_of_blood,
          nicolae_uskayaw_murder_on_the_dancefloor, biasface_ghost_orc_armoury,
          fountainhead, chequers_serial_rivers_micro_a, grunt_ministairs_4,
          uniq_sigmund, uniq_robin

Skill      XL: |  1  2  3  4  5  6 |
---------------+-------------------+-----
Armour         | 1 2 |  2.4
Axes           | 3 4 |  4.7
Unarmed Combat | 1 |  1.0
Fighting       | 3 4 5 |  5.2
Shields        | 1 |  1.0
Stealth        | 1 |  1.0
Evocations     | 1 |  1.0
Throwing       | |  1.7
Dodging        | |  2.6

Action                     |  1- 3 |  4- 6 |  7- 9 || total
---------------------------+-------+-------+-------++-------
  Melee: War axe           |    82 |    73 |    11 ||   166
  Throw: Throwing net      |       |     1 |       ||     1
  Evoke: Wand              |       |    14 |       ||    14
    Use: Scroll            |       |     1 |       ||     1
         Potion            |       |       |     3 ||     3
   Stab: Held in net/web   |       |     1 |       ||     1
 Armour: Scale mail        |    50 |    51 |     2 ||   103
         Chain mail        |       |       |    12 ||    12
  Dodge: Dodged            |    54 |    39 |    17 ||   110

Table legend: (Time is in decaauts)
 A = Elapsed time spent in this place.
 B = Non-inter-level travel time spent in this place.
 C = Inter-level travel time spent in this place.
 D = Time resting spent in this place.
 E = Time spent auto-exploring this place.
 F = Levels seen in this place.
 G = Mean time per level.
                   A        B        C        D        E       F      G
               +--------+--------+--------+--------+--------+-----+--------+
         Total |   2928 |   2583 |    345 |    170 |   1716 |   4 |  732.0 |
       Dungeon |   2928 |   2583 |    345 |    170 |   1716 |   4 |  732.0 |
               +--------+--------+--------+--------+--------+-----+--------+

Top non-repeatable levels by time:
     D:3: 997 daAuts
     D:1: 874 daAuts
     D:2: 794 daAuts
     D:4: 261 daAuts
